 Seeded DCSS version 0.29-a0-321-gf1c400731a (webtiles) character file.

Game seed: 6628918138344799468 (custom seed)

5336 Patoropollo the Blocker (level 10, -10/93 HPs)
             Began as a Minotaur Fighter on Apr 4, 2022.
             Was a Follower of Makhleb.
             Mangled by a two-headed ogre
             ... wielding a +0 giant spiked club
              (16 damage)
             ... on level 9 of the Dungeon.
             The game lasted 00:34:17 (10261 turns).

Patoropollo the Blocker (Minotaur Fighter)         Turns: 10261, Time: 00:34:17

Health: -10/93     AC: 17    Str: 24    XL:     10   Next: 38%
Magic:  9/9        EV:  4    Int:  5    God:    Makhleb [*.....]
Gold:   434        SH: 17    Dex: 11    Spells: 9/9 levels left

rFire   . . .      SeeInvis .   o - +4 mace "Empohadgho" {vamp, rPois}
rCold   . . .      Faith    .   e - +2 tower shield
rNeg    + . .      Spirit   .   J - +0 plate armour
rPois   +          Reflect  .   (helmet restricted)
rElec   .          Harm     .   n - +0 cloak
rCorr   .          Rampage  .   (no gloves)
Will    .....                   G - +0 pair of boots
Stlth   ..........              (no amulet)
HPRegen 0.25/turn               K - ring of positive energy
MPRegen 0.11/turn               (no ring)

@: no status effects
A: horns 2, retaliatory headbutt
a: Renounce Religion


You were on level 9 of the Dungeon.
You worshipped Makhleb.
Makhleb was aware of your devotion.
You visited 2 branches of the dungeon, and saw 10 of its levels.
You also visited: Ossuary.

You collected 434 gold pieces.

Inventory:

Hand Weapons
 o - the +4 mace "Empohadgho" (weapon) {vamp, rPois}
   (You found it on level 2 of the Dungeon)

   It occasionally heals its wielder for a portion of the damage dealt when it
   wounds a living foe.
   rPois:     It protects you from poison.
 I - a +4 flail of holy wrath
Armour
 e - a +2 tower shield (worn)
 n - a +0 cloak (worn)
 G - a +0 pair of boots (worn)
 J - a +0 plate armour (worn)
Jewellery
 u - a ring of flight
 x - a ring of wizardry
 K - a ring of positive energy (left hand)
Wands
 p - a wand of iceblast (10)
Scrolls
 a - a scroll of amnesia
 c - 3 scrolls of identify
 g - 8 scrolls of teleportation
 k - 4 scrolls of summoning
 l - 3 scrolls of fog
 m - a scroll of fear
 r - 3 scrolls of magic mapping
 B - 3 scrolls of blinking
Potions
 b - a potion of degeneration
 d - 5 potions of might
 f - 10 potions of curing
 i - a potion of magic
 j - a potion of lignification
 q - a potion of berserk rage
 t - a potion of ambrosia
 v - 2 potions of haste
 w - 3 potions of attraction
 z - 3 potions of brilliance
 A - 2 potions of flight
 D - 3 potions of mutation
 H - a potion of invisibility


   Skills:
 + Level 10.0 Fighting
 + Level 9.6 Maces & Flails
 + Level 10.0 Armour
 + Level 10.0 Shields


You had 9 spell levels left.
You didn't know any spells.
Your spell library contained the following spells:

 Spells                   Type           Power      Damage    Failure   Level
 Beastly Appendage        Tmut           0%         N/A       100%        1
 Freeze                   Ice            0%         1d3       100%        1
 Magic Dart               Conj           0%         1d3       100%        1
 Call Imp                 Summ           0%         N/A       100%        2
 Wereblood                Tmut           0%         N/A       100%        2
 Frozen Ramparts          Ice            0%         1d2       100%        3
 Mephitic Cloud           Conj/Pois/Air  0%         N/A       100%        3
 Spider Form              Tmut/Pois      0%         N/A       100%        3
 Hailstorm                Conj/Ice       0%         3d3       100%        4


Dungeon Overview and Level Annotations

Branches:
Dungeon (9/15)             Temple (1/1) D:7         Ossuary (visited)
   Lair: D:8-11         Orc: D:9-12

Altars:
Ashenzari
Cheibriados
Dithmenos
Elyvilon
Fedhas
Gozag
Hepliaklqana
Kikubaaqudgha
Makhleb
Nemelex Xobeh
Okawaru
Qazlal
Ru
Sif Muna
Trog
Uskayaw
Vehumet
Wu Jian
Xom
Yredelemnul
Zin
The Shining One

Shops:
D:7 :


Innate Abilities, Weirdness & Mutations

You have a pair of horns on your head.
You reflexively headbutt those who attack you in melee.


Message History

The two-headed ogre is moderately wounded.
You completely miss the two-headed ogre.
Your headbutt misses the two-headed ogre.
The two-headed ogre is moderately wounded.
You block the two-headed ogre's attack.
The two-headed ogre hits you with a +0 giant spiked club!
You sock the two-headed ogre!
You feel better.
The two-headed ogre is heavily wounded.
You block the two-headed ogre's attack.
The two-headed ogre hits you with a +0 giant spiked club!
You thump the two-headed ogre! You headbutt the two-headed ogre.
The two-headed ogre is severely wounded.
You block the two-headed ogre's attack.
The two-headed ogre hits you with a +0 giant spiked club!
You swing at nothing.
You block the two-headed ogre's attack.
The two-headed ogre hits you but does no damage.
You barely miss the two-headed ogre.
Your headbutt misses the two-headed ogre.
The two-headed ogre is severely wounded.
An orc wizard appears from thin air!
Reactivating autopickup.
You hit the two-headed ogre but do no damage.
The two-headed ogre is severely wounded.
The two-headed ogre hits you but does no damage.
You block the two-headed ogre's attack.
You closely miss the two-headed ogre. You headbutt the two-headed ogre.
The two-headed ogre is severely wounded.
The two-headed ogre barely misses you. You block the two-headed ogre's attack.
You hit the two-headed ogre.
You headbutt the two-headed ogre, but do no damage.
The two-headed ogre is severely wounded.
You block the two-headed ogre's attack.
The two-headed ogre hits you with a +0 giant spiked club!!
* * * LOW HITPOINT WARNING * * *
You hit the two-headed ogre.
You feel better.
The two-headed ogre is almost dead.
The two-headed ogre hits you with a +0 giant spiked club!!
* * * LOW HITPOINT WARNING * * *
The two-headed ogre hits you with a +0 giant spiked club!
You die...

.######)# #.# #.# #.#
#)# #.# ..# #)###.#
..# #..)..# ..#
#.##..# #.# #.##..#
#.# #.##..# #.#
#@##..# #.# #O##..#
#.######o##..# ≈
#....{...##..#
≈$..####..#####.##..#
.oo.......# #.##..#
≈.....O...# #.....#
≈...####..# #..#..#
≈O# #..# #..#..#


You could see a two-headed ogre and an orc wizard.

Vanquished Creatures
  A two-headed ogre (D:7)
  A wyvern (D:9)
  4 yaks (D:7)
  A wraith (D:9)
  2 steam dragons
  Menkaure (D:5)
  Edmund (D:5)
  An acid dragon (D:8)
  3 ice beasts
  A black bear (D:6)
  4 orc warriors
  2 ogres
  A centaur (D:8)
  An elf zombie (Ossuary)
  3 bullfrogs
  3 scorpions
  5 wights (D:8)
  11 killer bees
  A howler monkey (D:7)
  2 centaur zombies (Ossuary)
  A hound (D:4)
  A jelly (D:5)
  Crazy Yiuf (D:2)
  5 orc priests
  2 iguanas
  Jessica (D:2)
  Ijyb (D:3)
  11 orc wizards
  3 ogre zombies (Ossuary)
  7 mummies (Ossuary)
  3 gnolls (D:3)
  9 adders
  3 white imps
  5 adder zombies (Ossuary)
  3 worms
  2 dart slugs (D:4)
  33 orcs
  3 ball pythons
  9 endoplasms
  3 giant cockroaches
  10 goblins
  6 hobgoblins
  4 jackals
  5 kobolds
  2 quokkas (D:4)
  7 bats
  4 frilled lizards
  2 gnoll zombies (Ossuary)
  A goblin zombie (Ossuary)
  5 hobgoblin zombies (Ossuary)
  5 kobold zombies (Ossuary)
  An orc zombie (Ossuary)
  2 quokka zombies (Ossuary)
  5 rats
  3 rat zombies (Ossuary)
217 creatures vanquished.

Notes
Turn   | Place    | Note
-------+----------+-------------------------------------------
     0 | D:1      | Patoropollo the Minotaur Fighter began the quest for the
                  | Orb.
     0 | D:1      | Reached XP level 1. HP: 19/19 MP: 0/0
   172 | D:1      | Found a faded altar of an unknown god.
   301 | D:1      | Reached XP level 2. HP: 22/27 MP: 1/1
   866 | D:2      | Reached XP level 3. HP: 33/33 MP: 2/2
   870 | D:2      | Noticed Jessica
   900 | D:2      | Killed Jessica
  1109 | D:2      | Reached XP level 4. HP: 39/40 MP: 3/3
  1648 | D:2      | Found a runed translucent door.
  1649 | D:2      | Noticed Crazy Yiuf
  1657 | D:2      | Killed Crazy Yiuf
  1676 | D:2      | Identified the +4 mace "Empohadgho" {vamp, rPois}
  2017 | D:3      | Reached XP level 5. HP: 47/47 MP: 4/4
  2115 | D:3      | Identified the +7 short sword "Ejaptof" {vorpal, rC+ Will-
                  | MP+9}
  2159 | D:3      | Noticed Ijyb
  2178 | D:3      | Killed Ijyb
  2356 | D:3      | Reached skill level 5 in Shields
  2375 | D:3      | Noticed an ogre
  2382 | D:3      | Killed an ogre
  2383 | D:3      | Reached skill level 5 in Fighting
  2383 | D:3      | Reached skill level 5 in Armour
  2383 | D:3      | Reached XP level 6. HP: 56/56 MP: 5/5
  2929 | D:4      | Reached skill level 5 in Maces & Flails
  2929 | D:4      | Reached XP level 7. HP: 59/62 MP: 6/6
  3663 | D:5      | Entered Level 5 of the Dungeon
  3663 | D:5      | Noticed Menkaure
  3824 | D:5      | Killed Menkaure
  4162 | D:5      | Noticed Edmund
  4175 | D:5      | Killed Edmund
  4176 | D:5      | Reached XP level 8. HP: 14/71 MP: 7/7
  5158 | D:6      | Found a sand-covered staircase.
  5163 | Ossuary  | Entered an ossuary
  6153 | D:6      | Found a stormy altar of Qazlal.
  6381 | D:7      | Noticed a two-headed ogre
  6393 | D:7      | Killed a two-headed ogre
  6394 | D:7      | Reached XP level 9. HP: 34/81 MP: 8/8
  6809 | D:7      | HP: 2/82 [yak (14)]
  7227 | D:7      | Found a staircase to the Ecumenical Temple.
  7236 | Temple   | Entered the Ecumenical Temple
  7654 | Temple   | Became a worshipper of Makhleb the Destroyer
  7933 | D:7      | Found Sutimeqa's Book Emporium.
  8006 | D:7      | You fall into a shaft and drop 1 floor!
  8140 | D:7      | Identified the +5 quarterstaff of Dithec {drain, Int+4}
  8985 | D:8      | Reached XP level 10. HP: 91/91 MP: 9/9
  9741 | D:9      | Reached * piety under Makhleb
 10047 | D:9      | Reached skill level 10 in Shields
 10164 | D:9      | Reached skill level 10 in Fighting
 10226 | D:9      | Noticed a two-headed ogre
 10249 | D:9      | Reached skill level 10 in Armour
 10261 | D:9      | Mangled by a two-headed ogre

Illustrated notes

Levels and vault maps discovered:
D:1:      lightli_arrival_maybe_door_vault, layout_rooms,
          ebering_ecumenical_altar_sacrificial
D:2:      layout_basic, uniq_jessica, uniq_crazy_yiuf_cottage
D:3:      minmay_octagon_keep, layout_basic, kennysheep_potato, uniq_ijyb
D:4:      layout_cave_pools, roderic_serpentine_path, minmay_close_crescents
D:5:      layout_cave_pods, minmay_chambers_of_fives, uniq_menkaure, uniq_edmund
D:6:      layout_layer_cave, nicolae_qazlal_scattered_showers, enter_ossuary_2
D:7:      layout_gridville, minmay_temple_entry_glass, serial_shops,
          nicolae_shop_statue_plus
D:8:      layout_rooms
D:9:      layout_long_grid, lair_entry_dummy, erik_orc_2
Temple:   mainiacjoe_temple_trianglar_array

Skill      XL: |  1  2  3  4  5  6  7  8  9 10 |
---------------+-------------------------------+-----
Armour         | 4 5 6 8 9 10 | 10.0
Shields        | 4 5 6 8 9 10 | 10.0
Fighting       | 4 5 6 8 9 10 | 10.0
Maces & Flails | 3 4 5 6 7 9 |  9.6

Action                   |  1- 3 |  4- 6 |  7- 9 | 10-12 || total
-------------------------+-------+-------+-------+-------++-------
Melee: Flail             |    58 |       |       |       ||    58
       Headbutt          |    12 |    16 |    82 |    22 ||   132
       Club              |    16 |    24 |       |       ||    40
       Mace              |       |    95 |   394 |   114 ||   603
Evoke: Wand              |       |     2 |       |       ||     2
  Use: Potion            |       |     1 |       |       ||     1
       Scroll            |       |       |     2 |    26 ||    28
Armor: Scale mail        |    28 |    62 |   130 |       ||   220
       Plate armour      |       |       |    31 |    54 ||    85
Dodge: Dodged            |    13 |    22 |    80 |     9 ||   124
Block: Tower shield      |    41 |    90 |   264 |   105 ||   500

Table legend: (Time is in decaauts)
 A = Elapsed time spent in this place.
 B = Non-inter-level travel time spent in this place.
 C = Inter-level travel time spent in this place.
 D = Time resting spent in this place.
 E = Time spent auto-exploring this place.
 F = Levels seen in this place.
 G = Mean time per level.
                   A        B        C        D        E       F      G
               +--------+--------+--------+--------+--------+-----+--------+
         Total |  10564 |  10322 |    242 |      0 |   8335 |  11 |  960.4 |
       Dungeon |   9322 |   9141 |    181 |      0 |   7397 |   9 | 1035.8 |
        Temple |    448 |    387 |     61 |      0 |    380 |   1 |  448.0 |
       Ossuary |    793 |    793 |      0 |      0 |    558 |   1 |  793.0 |
               +--------+--------+--------+--------+--------+-----+--------+

Top non-repeatable levels by time:
     D:2: 1498 daAuts
     D:8: 1368 daAuts
     D:7: 1340 daAuts
     D:5: 1135 daAuts
     D:4: 1011 daAuts
     D:3: 926 daAuts
     D:6: 919 daAuts
 Ossuary: 793 daAuts
     D:9: 590 daAuts
     D:1: 533 daAuts
  Temple: 448 daAuts
